 Dungeon Crawl Stone Soup version 0.32-a0-909-gc671339a80 (webtiles) character file.

Game seed: 8630670122975488606

2128 GiantSquids the Cleaver (level 9, -5/75 HPs)
             Began as a Mountain Dwarf Fighter on Apr 6, 2024.
             Was an Elder of Makhleb.
             Slain by a tentacled starspawn (20 damage)
             ... on level 1 of the Abyss.
             The game lasted 00:16:52 (4862 turns).

GiantSquids the Cleaver (Mountain Dwarf Fighter)    Turns: 4862, Time: 00:16:53

Health: -5/75      AC: 18    Str: 23    XL:     9   Next: 8%
Magic:  13/13      EV:  7    Int:  9    God:    Makhleb [****..]
Gold:   298        SH:  7    Dex:  9    Spells: 8/8 levels left

rFire   . . .        a - +0 war axe
rCold   . . .        F - +0 kite shield
rNeg    . . .        b - +0 scale mail
rPois   .            s - +2 helmet
rElec   .            E - +0 cloak
rCorr   .            B - +0 pair of gloves
SInv    .            p - +0 pair of boots
Will    .....        l - amulet of regeneration Stlth
                     g - +4 ring of protection
HPRegen 1.12/turn    (no ring)
MPRegen 0.13/turn

%: no passive effects
@: about to teleport
A: runic magic, artefact enchanting
a: Renounce Religion, Minor Destruction, Lesser Servant of Makhleb, Major
Destruction


You were on level 1 of the Abyss.
You worshipped Makhleb.
Makhleb was greatly pleased with you.
You visited 1 branch of the dungeon, and saw 6 of its levels.
You visited the Abyss 1 time.
You also visited: Sewer.

You collected 363 gold pieces.
You spent 65 gold pieces at shops.

Inventory:

Hand Weapons
 a - a +0 war axe (weapon)
Armour
 b - a +0 scale mail (worn)
 p - a +0 pair of boots (worn)
 s - a +2 helmet (worn)
 B - a +0 pair of gloves (worn)
 E - a +0 cloak (worn)
 F - a +0 kite shield (worn)
Jewellery
 g - a +4 ring of protection (left hand)
 l - an amulet of regeneration (around neck)
Wands
 c - a wand of flame (11)
 D - a wand of charming (10)
Scrolls
 e - 2 scrolls of silence {unknown}
 f - a scroll of enchant weapon
 i - 2 scrolls of blinking {unknown}
 j - 2 scrolls of amnesia {unknown}
 k - 5 scrolls of fog
 m - 2 scrolls of teleportation
 n - a scroll of noise
 o - a scroll of poison
 r - 5 scrolls of revelation
 t - a scroll of summoning {unknown}
 w - a scroll of immolation {unknown}
 y - a scroll of fear {unknown}
Potions
 d - a potion of might
 h - 3 potions of heal wounds
 v - 3 potions of haste
 x - a potion of lignification {unknown}
 z - 4 potions of brilliance
 A - 2 potions of magic {unknown}
 C - 2 potions of degeneration {unknown}
 G - a potion of ambrosia {unknown}


   Skills:
 + Level 5.8 Fighting
 * Level 11.2 Axes
 + Level 5.8 Armour
 - Level 3.2 Shields
 + Level 5.5 Invocations


You had 8 spell levels left.
You didn't know any spells.
Your spell library contained the following spells:

 Spells                   Type           Power      Damage    Failure   Level
 Apportation              Tloc           0%         N/A       75%         1
 Blink                    Tloc           0%         N/A       86%         2
 Jinxbite                 Hex            0%         N/A       86%         2
 Lesser Beckoning         Tloc           0%         N/A       86%         2
 Momentum Strike          Conj/Tloc      0%         3d8       86%         2
 Dazzling Flash           Conj/Hex       0%         N/A       98%         3
 Inner Flame              Hex/Fire       0%         N/A       98%         3
 Mephitic Cloud           Conj/Alch/Air  0%         N/A       98%         3
 Alistair's Intoxication  Alch           0%         N/A       100%        5
 Curse of Agony           Necr           0%         N/A       100%        5
 Irradiate                Conj/Alch      0%         3d11      100%        5
 Silence                  Hex/Air        0%         N/A       100%        5
 Ignition                 Fire           0%         3d3       100%        8


Dungeon Overview and Level Annotations

Branches:
Dungeon (6/15)             Temple (0/1) D:4           Sewer (visited)

Altars:
Cheibriados
Makhleb
Okawaru
Trog

Shops:
D:1 !

Annotations:
D:4 1 exclusion


Innate Abilities, Weirdness & Mutations

Your spellcasting is much less encumbered by armour.
You can use scrolls of enchantment on lesser artefacts.


Message History

You miss the sixfirhy.
You hit the thrashing horror but do no damage.
The thrashing horror tramples you!
You hold your ground!
The thrashing horror tramples you but does no damage.
The thrashing horror tramples you!
You hold your ground!
The thrashing horror tramples you but does no damage.
You hit the thrashing horror but do no damage.
You miss the sixfirhy. The thrashing horror barely misses you.
The thrashing horror tramples you but does no damage.
You block the sixfirhy's attack.
A tentacle flies out from the starspawn's body!
The sixfirhy hits you but does no damage.
A starspawn tentacle comes into view.
Okay, then.
As you read the scroll of teleportation, it crumbles to dust.
You feel strangely unstable.
You feel the power of the Abyss delaying your translocation!
The sixfirhy completely misses you.
The sixfirhy hits you but does no damage. x3
You hit the sixfirhy.
The sixfirhy is lightly wounded.
You slash the tentacled starspawn! The sixfirhy hits you!
The sixfirhy shocks you! The sixfirhy closely misses you.
You hit the sixfirhy.
The sixfirhy is lightly wounded.
You hit the tentacled starspawn.
You block the tentacled starspawn's attack.
The tentacled starspawn tentacle-slaps you but does no damage.
You slash the sixfirhy!
The sixfirhy is heavily wounded.
You hit the tentacled starspawn. The tentacled starspawn bites you!
The tentacled starspawn tentacle-slaps you!
* * * LOW HITPOINT WARNING * * *
The sixfirhy hits you but does no damage.
You slash the sixfirhy!
The sixfirhy is severely wounded.
You slash the tentacled starspawn! You block the sixfirhy's attack.
The sixfirhy hits you but does no damage. x2
The tentacled starspawn bites you!!
You die...

#. ...# #..
..###..# ###
. ###.#.#.##
#... #.#..
#.##.#. #
#..#..#....#.
#.
..###.###.##.
. ##..####
#...# #
##Xw#.## #
##.# #@##..##
## #.#3###..
#...X ..
#...... # ..#
..#...# #.#..
. #.#. ##.#..
.### .. .. ..


You could see a tentacled starspawn, a thrashing horror, a sixfirhy and a
starspawn tentacle (distracted).

Vanquished Creatures
  Grinder (D:5)
  A small abomination (Abyss:1)
  A water moccasin (D:5)
  An ice beast (D:5)
  3 ogres
  2 phantoms (D:4)
  3 bullfrogs
  3 scorpions
  2 howler monkeys (D:5)
  A bombardier beetle (D:4)
  3 hounds
  2 jellies
  2 sleepcaps
  4 orc wizards
  2 iguanas
  Robin (D:2)
  4 gnolls (D:5)
  11 adders
  A shadow imp (D:4)
  An ufetubus (D:5)
  4 ribbon worms
  2 dart slugs
  20 orcs
  15 ball pythons
  10 bats
  8 endoplasms
  9 giant cockroaches
  15 goblins
  10 hobgoblins
  2 quokkas
  10 frilled lizards
  8 kobolds
  22 rats
184 creatures vanquished.

Vanquished Creatures (others)
  7 starspawn tentacles (Abyss:1)
7 creatures vanquished.

Grand Total: 191 creatures vanquished

Notes
Turn   | Place    | Note
-------+----------+-------------------------------------------
     0 | D:1      | GiantSquids the Mountain Dwarf Fighter began the quest for
                  | the Orb.
     0 | D:1      | Reached XP level 1. HP: 19/19 MP: 1/1
    43 | D:1      | Reached skill level 3 in Axes
   139 | D:1      | Reached XP level 2. HP: 26/26 MP: 2/2
   391 | D:1      | Found Qeuthrot's Distillery.
   395 | D:1      | Reached skill level 4 in Axes
   404 | D:1      | Bought a potion of heal wounds for 65 gold pieces
   868 | D:2      | Reached XP level 3. HP: 31/31 MP: 3/3
   906 | D:2      | Found a burning altar of Makhleb.
   956 | D:2      | Became a worshipper of Makhleb the Destroyer
  1024 | D:2      | You fall into a shaft and drop 1 floor!
  1145 | D:2      | Reached skill level 5 in Axes
  1166 | D:2      | Noticed Robin
  1199 | D:2      | Killed Robin
  1200 | D:2      | Reached XP level 4. HP: 38/38 MP: 4/4
  1452 | D:2      | Found a faded altar of an unknown god.
  1736 | D:3      | Reached * piety under Makhleb
  2015 | D:3      | Reached skill level 6 in Axes
  2229 | D:3      | Reached XP level 5. HP: 45/45 MP: 5/5
  2704 | D:4      | Found a glowing drain.
  2710 | Sewer    | Entered a sewer
  2804 | Sewer    | Reached ** piety under Makhleb
  2886 | Sewer    | Reached skill level 7 in Axes
  2972 | Sewer    | Reached XP level 6. HP: 51/51 MP: 6/6
  2975 | Sewer    | Reached skill level 8 in Axes
  3053 | D:4      | Reached skill level 1 in Invocations
  3127 | D:4      | Found an iron altar of Okawaru.
  3231 | D:4      | Reached XP level 7. HP: 50/58 MP: 6/8
  3319 | D:4      | Reached skill level 9 in Axes
  3329 | D:4      | Found a staircase to the Ecumenical Temple.
  3343 | D:4      | Reached *** piety under Makhleb
  3412 | D:4      | Found a snail-covered altar of Cheibriados.
  3677 | D:4      | Found a bloodstained altar of Trog.
  3901 | D:5      | Entered Level 5 of the Dungeon
  3970 | D:5      | Reached XP level 8. HP: 67/67 MP: 10/10
  3998 | D:5      | Reached skill level 10 in Axes
  4019 | D:5      | Reached skill level 5 in Fighting
  4048 | D:5      | Reached skill level 5 in Armour
  4200 | D:5      | Reached **** piety under Makhleb
  4348 | D:5      | Noticed Grinder
  4362 | D:5      | Paralysed by Grinder for 2 turns
  4364 | D:5      | Killed Grinder
  4365 | D:5      | Reached skill level 11 in Axes
  4365 | D:5      | Reached skill level 5 in Invocations
  4737 | D:6      | Reached XP level 9. HP: 75/75 MP: 13/13
  4739 | Abyss:1  | Cast into level 1 of the Abyss (orc wizard)
  4748 | Abyss:1  | Found a corrupted altar of Lugonu.
  4806 | Abyss:1  | Noticed a tentacled starspawn
  4809 | Abyss:1  | Noticed a thrashing horror
  4854 | Abyss:1  | Noticed a sixfirhy
  4862 | Abyss:1  | Slain by a tentacled starspawn

Illustrated notes

Levels and vault maps discovered:
D:1:      shiori_arrival_maze, layout_rooms, serial_shops, shop,
          serial_co_window_serial, co_window_corner_a, co_window_paths_a,
          co_window_of_opportunity_a, co_window_corner_a, co_window_paths_a,
          co_window_corner_ca, co_window_of_opportunity_b, co_window_2corner,
          co_window_corner_b, co_window_paths_d
D:2:      wander_river, layout_basic, basic_altar,
          shapermc_ecumenical_altar_mp_highgroup, uniq_robin
D:3:      layout_basic
D:4:      layout_loops_ring, mainiacjoe_overflow_alcove_1,
          kennysheep_okawaru_gauntlet, trog_book, temple_doors_e,
          mainiacjoe_sewer_entry_somewhere_in_here_1, minmay_misc_feat_square,
          roderic_batcave
D:5:      layout_loops_ring, minmay_joined_circles, uniq_grinder
D:6:      layout_cave_pools, grunt_ministairs_3
Abyss:1:  base: Temple, minivault_25_ag

Skill      XL: |  1  2  3  4  5  6  7  8 |
---------------+-------------------------+-----
Axes           | 3 4 5 6 7 8 9 11 | 11.2
Invocations    | 1 3 5 |  5.5
Fighting       | 4 5 |  5.8
Armour         | 4 5 |  5.8
Shields        | |  3.2

Action                     |  1- 3 |  4- 6 |  7- 9 || total
---------------------------+-------+-------+-------++-------
  Melee: War axe           |   123 |   244 |   257 ||   624
  Throw: Stone             |       |    18 |       ||    18
    Use: Scroll            |       |       |     9 ||     9
         Potion            |       |       |     1 ||     1
   Stab: Distracted        |       |     1 |       ||     1
 Armour: Scale mail        |    98 |   265 |   202 ||   565
  Dodge: Dodged            |    55 |   136 |   104 ||   295
  Block: Buckler           |    32 |    63 |    20 ||   115
         Kite shield       |       |       |    45 ||    45

Table legend: (Time is in decaauts)
 A = Elapsed time spent in this place.
 B = Non-inter-level travel time spent in this place.
 C = Inter-level travel time spent in this place.
 D = Time resting spent in this place.
 E = Time spent auto-exploring this place.
 F = Levels seen in this place.
 G = Mean time per level.
                   A        B        C        D        E       F      G
               +--------+--------+--------+--------+--------+-----+--------+
         Total |   5069 |   4931 |    138 |      2 |   3405 |   8 |  633.6 |
       Dungeon |   4587 |   4449 |    138 |      2 |   3217 |   6 |  764.5 |
         Abyss |    123 |    123 |      0 |      0 |     62 |   1 |  123.0 |
         Sewer |    357 |    357 |      0 |      0 |    126 |   1 |  357.0 |
               +--------+--------+--------+--------+--------+-----+--------+

Top non-repeatable levels by time:
     D:4: 1019 daAuts
     D:3: 1018 daAuts
     D:1: 887 daAuts
     D:2: 813 daAuts
     D:5: 791 daAuts
   Sewer: 357 daAuts
 Abyss:1: 123 daAuts
     D:6: 57 daAuts
